 Dungeon Crawl Stone Soup version 0.25.0-9-g26727b657a (webtiles) character file.

Game seed: 12555820193819390327

797 Peloso the Slasher (level 7, 0/61 HPs)
             Began as a Minotaur Fighter on June 21, 2020.
             Slain by a gnoll
             ... wielding a cursed -3 spear
              (3 damage)
             ... on level 5 of the Dungeon.
             The game lasted 00:08:19 (3973 turns).

Peloso the Slasher (Minotaur Fighter)               Turns: 3973, Time: 00:08:19

Health: 0/61       AC:  9    Str: 21    XL:     7   Next: 58%
Magic:  6/6        EV:  9    Int:  5    God:
Gold:   127        SH: 11    Dex: 11    Spells: 6/6 levels left

rFire    . . .     SeeInvis .   a - -1 double sword
rCold    . . .     Gourm    .   c - +1 kite shield
rNeg     . . .     Faith    .   s - +0 scale mail
rPois    .         Spirit   .   (helmet restricted)
rElec    .         Reflect  .   (no cloak)
rCorr    .         Harm     .   (no gloves)
MR       .....                  i - +0 pair of boots
Stlth    ..........             (no amulet)
HPRegen  0.20/turn              (no ring)
MPRegen  0.10/turn              (no ring)

@: glowing
A: retaliatory headbutt, horns 2
a: no special abilities


You were on level 5 of the Dungeon.
You were not hungry.

You visited 1 branch of the dungeon, and saw 5 of its levels.

You collected 247 gold pieces.
You spent 120 gold pieces at shops.

Inventory:

Hand Weapons
 a - a -1 double sword (weapon)
 b - a cursed -1 whip
Armour
 c - a +1 kite shield (worn)
 i - a +0 pair of boots (worn)
 s - a +0 scale mail (worn)
Jewellery
 g - an uncursed ring of fire
Wands
 j - a wand of paralysis (8)
 k - a wand of digging (5)
 l - a wand of flame (17)
 m - a wand of iceblast (8)
Scrolls
 e - a scroll of amnesia
 h - 3 scrolls of remove curse
 n - 4 scrolls of teleportation
 o - a scroll of fog
 p - 3 scrolls of identify
 r - a scroll of enchant armour
Potions
 d - a potion of might
Comestibles
 f - 5 rations
 q - a chunk of flesh


   Skills:
 + Level 5.0 Fighting
 + Level 6.3 Long Blades
 + Level 6.3 Armour
 + Level 2.8 Dodging
 + Level 0.6 Stealth
 + Level 5.3 Shields


You had 6 spell levels left.
You didn't know any spells.
Your spell library was empty.

Dungeon Overview and Level Annotations

Branches:
Dungeon (5/15)
 Temple: D:4-7

Altars:
Kikubaaqudgha
Nemelex Xobeh

Shops:
D:4 *

Portals:
Abyss: D:3

Annotations:
D:3 2 transporters


Innate Abilities, Weirdness & Mutations

You reflexively headbutt those who attack you in melee.
You have a pair of horns on your head.


Message History

You are outlined in light.
Unknown command.
You tear a large gash into the net.
The gnoll hits you but does no damage. x2
The gnoll hits you with a +0 club.
* * * LOW HITPOINT WARNING * * *
The gnoll shaman hits you with a +0 whip!
* * * LOW HITPOINT WARNING * * *
You rip the net and break free!
The gnoll hits you but does no damage. The gnoll closely misses you.
You riposte.
You hit the gnoll but do no damage. The gnoll shaman barely misses you.
You riposte.
You slice the gnoll shaman!!
You kill the gnoll shaman!
Unknown command.
Okay, then.
The gnoll closely misses you. The gnoll hits you but does no damage.
The gnoll hits you from afar with a cursed -3 spear.
* * * LOW HITPOINT WARNING * * *
The gnoll hits you but does no damage.
The gnoll hits you from afar with a cursed -3 spear.
You die...

.. #....##..............# ..
#.....#...........<..#
..###...#.................#
..))....##......#..........#
..#...........###.#.......##
.###..........###...#.....#
......(......$#....###....#
##............g..##..#..###
#?..#........g.@....####
#..###.............?# #.#
#..........##..## #.
#....###.....#.## .. #....#
##.#...## ≈. ......# #.#...#
........ ...#...# ..##.###
.........


You could see 2 gnolls.

Vanquished Creatures
  Pikel (D:3)
  An ogre (D:4)
  A gnoll shaman (D:5)
  2 iguanas (D:4)
  5 adders
  4 gnolls
  An ooze (D:3)
  3 worms (D:3)
  A dart slug (D:2)
  3 leopard geckos
  A ball python (D:3)
  4 giant cockroaches
  6 goblins
  8 hobgoblins
  3 jackals (D:2)
  5 bats
  7 frilled lizards
  11 kobolds
  8 rats
75 creatures vanquished.

Notes
Turn   | Place    | Note
-------+----------+-------------------------------------------
     0 | D:1      | Peloso the Minotaur Fighter began the quest for the Orb.
     0 | D:1      | Reached XP level 1. HP: 19/19 MP: 0/0
   250 | D:1      | Reached XP level 2. HP: 27/27 MP: 1/1
   918 | D:1      | Reached XP level 3. HP: 30/33 MP: 2/2
  1536 | D:2      | Reached skill level 1 in Dodging
  1648 | D:2      | Found a sparkling altar of Nemelex Xobeh.
  1799 | D:2      | Reached XP level 4. HP: 39/40 MP: 3/3
  1974 | D:3      | Found a faded altar of an unknown god.
  2119 | D:3      | Found an ancient bone altar of Kikubaaqudgha.
  2281 | D:3      | Found a transporter.
  2289 | D:3      | Noticed an ancient zyme
  2358 | D:3      | Found a transporter.
  2368 | D:3      | Noticed a small abomination
  2500 | D:3      | Noticed a two-headed ogre
  2644 | D:3      | Found a one-way gate to the infinite horrors of the Abyss.
  2801 | D:4      | Found Gexyi's Lightly-Used Armoury.
  2829 | D:4      | Bought a -1 double sword for 120 gold pieces
  2911 | D:4      | Reached XP level 5. HP: 24/46 MP: 4/4
  3053 | D:4      | Noticed an ogre
  3058 | D:4      | Killed an ogre
  3058 | D:4      | Reached skill level 5 in Armour
  3156 | D:4      | Noticed Pikel
  3159 | D:4      | Noticed a slave
  3159 | D:4      | Noticed a slave
  3160 | D:4      | Noticed a slave
  3165 | D:4      | Noticed a slave
  3169 | D:4      | HP: 2/47 [slave[Pikel] (6)]
  3475 | D:3      | Killed Pikel
  3475 | D:3      | Reached skill level 5 in Fighting
  3475 | D:3      | Reached skill level 5 in Shields
  3475 | D:3      | Reached XP level 6. HP: 22/56 MP: 5/5
  3475 | D:3      | Reached XP level 7. HP: 24/61 MP: 6/6
  3904 | D:5      | Entered Level 5 of the Dungeon
  3959 | D:5      | HP: 1/61 [gnoll shaman/+0 whip (8)]
  3970 | D:5      | HP: 2/61 [gnoll/cursed -3 spear (1)]
  3973 | D:5      | Slain by a gnoll

Illustrated notes

Levels and vault maps discovered:
D:1:      dpeg_arrival_morbid_curiosity, layout_basic, chequers_arboretum
D:2:      layout_rooms, nemelex_altar_shiori, first_ration, minmay_tripent
D:3:      layout_basic, kiku_gazebo_garden_becter,
          chequers_ecumenical_altar_simple_redux,
          gammafunk_ghost_abyssal_escape, lightli_corner_chamber
D:4:      layout_rooms, minmay_shop_damaged, uniq_pikel
D:5:      layout_cave_pools, minmay_temple_entry_tees, enter_ossuary_2,
          chequers_serial_rivers_small_3

Skill      XL: |  1  2  3  4  5 |
---------------+----------------+-----
Fighting       | 4 5 |  5.0
Shields        | 4 5 |  5.3
Long Blades    | 3 6 |  6.3
Armour         | 4 6 |  6.3
Dodging        | 1 2 |  2.8
Stealth        | |  0.6

Action                   |  1- 3 |  4- 6 |  7- 9 || total
-------------------------+-------+-------+-------++-------
Melee: Long sword        |   102 |    57 |       ||   159
       Headbutt          |    10 |    20 |     8 ||    38
       Double sword      |       |    44 |    16 ||    60
  Use: Scroll            |       |     9 |       ||     9
       Potion            |       |     2 |       ||     2
  Eat: Chunk             |     3 |     4 |       ||     7
       Ration            |       |       |     1 ||     1
Armor: Scale mail        |    55 |    50 |     8 ||   113
Dodge: Dodged            |    33 |    50 |    17 ||   100
Block: Kite shield       |    59 |    59 |    12 ||   130
       Rpst.: Long sword |     8 |    10 |       ||    18
       Double sword      |       |     5 |     6 ||    11
